 Dungeon Crawl Stone Soup version 0.20.1-1-g8b1a95d66d (webtiles) character file.

119 Peloso the Shield-Bearer (level 5, -3/36 HPs)
             Began as a Halfling Fighter on Dec 3, 2017.
             Killed by nerve-wracking pain
             ... invoked by an orc priest
              (14 damage)
             ... on level 3 of the Dungeon.
             The game lasted 00:03:28 (2062 turns).

Peloso the Shield-Bearer (Halfling Fighter)         Turns: 2062, Time: 00:03:29

Health: -3/36      AC:  9    Str: 18    XL:     5   Next: 23%
Magic:  5/5        EV:  7    Int:  6    God:
Gold:   87         SH: 10    Dex: 14    Spells: 4/4 levels left

rFire    . . .     SeeInvis .   a - +0 long sword
rCold    . . .     Gourm    .   c - +0 shield
rNeg     . . .     Faith    .   b - +0 chain mail
rPois    .         Spirit   .   (no helmet)
rElec    .         Reflect  .   (no cloak)
rCorr    .         Harm     .   (no gloves)
MR       .....                  (no boots)
Stlth    ..........             (no amulet)
Regen    0.2/turn               (no ring)
MPRegen  0.1/turn               (no ring)

@: no status effects
A: mutation resistance 1
a: no special abilities


You were on level 3 of the Dungeon.
You were hungry.

You visited 1 branch of the dungeon, and saw 3 of its levels.

You collected 87 gold pieces.

Inventory:

Hand Weapons
 a - a +0 long sword (weapon)
Armour
 b - a +0 chain mail (worn)
 c - a +0 shield (worn)
Scrolls
 e - 2 scrolls of fog
 i - a scroll of amnesia
 j - a scroll of identify {unknown}
 n - a scroll of blinking {unknown}
 o - a scroll of enchant armour {unknown}
Potions
 d - a potion of might
 h - a potion of invisibility {unknown}
 l - a potion of curing {unknown}
 m - a potion of agility {unknown}
Comestibles
 f - 2 bread rations
 k - a royal jelly


   Skills:
 + Level 3.1 Fighting
 + Level 3.2 Long Blades
 + Level 4.0 Armour
 + Level 0.4 Dodging
 + Level 4.2 Shields


You had 4 spell levels left.
You didn't know any spells.

Dungeon Overview and Level Annotations

Branches:
Dungeon (3/15)

Altars:
Gozag


Innate Abilities, Weirdness & Mutations

You are small and have problems with some larger weapons.
You are somewhat resistant to further mutation.


Message History

The orc is lightly wounded.
You block the orc's attack.
You hit the orc.
The orc is almost dead.
The orc hits you but does no damage.
You hit the orc.
You kill the orc!
The orc priest calls down the wrath of Beogh upon you.
Beogh smites you!
You hit the orc priest.
The orc priest is heavily wounded.
The orc priest hits you but does no damage.
You hit the orc priest but do no damage.
The orc priest is heavily wounded.
The orc priest hits you but does no damage.
You closely miss the orc priest.
The orc priest is heavily wounded.
The orc priest invokes the aid of Beogh against you.
Pain shoots through your body!
You die...

##############
#####............#
..........######># ###
..###.###.....##.# ...
#.###.#..#.#..##.######.####
#.##......_..........#......
.........#.#..##.###....#
###.........).##@# #)#..# #
#.#.#.....####o###.#..# #
#.#.###.######.....# ...
....#.##.....?....#### ##.#
#.#.#.##..######.....# /#
.#.#... .......# . . .....
#####.#.# ... ##... .. #..


You could see an orc priest.

Vanquished Creatures
  An orc priest (D:3)
  Terence (D:2)
  2 oozes (D:1)
  An orc (D:3)
  6 bats
  3 giant cockroaches (D:1)
  5 goblins
  14 hobgoblins
  3 jackals (D:2)
  A frilled lizard (D:2)
  4 kobolds
  7 rats
48 creatures vanquished.

Notes
Turn   | Place    | Note
-------+----------+-------------------------------------------
     0 | D:1      | Peloso the Halfling Fighter began the quest for the Orb.
     0 | D:1      | Reached XP level 1. HP: 15/15 MP: 1/1
    97 | D:1      | Reached XP level 2. HP: 17/20 MP: 2/2
   183 | D:1      | Reached XP level 3. HP: 9/26 MP: 3/3
  1149 | D:2      | Reached XP level 4. HP: 31/31 MP: 4/4
  1849 | D:2      | Noticed Terence
  1857 | D:2      | Killed Terence
  1970 | D:3      | Found an opulent altar of Gozag.
  2004 | D:3      | Reached XP level 5. HP: 30/36 MP: 5/5
  2062 | D:3      | Killed from afar by an orc priest

Skill      XL: |  1  2  3  4 |
---------------+-------------+-----
Fighting       | 3 |  3.1
Long Blades    | 3 |  3.2
Armour         | 4 |  4.0
Shields        | 4 |  4.2
Dodging        | |  0.4

Action                   |  1- 3 |  4- 6 || total
-------------------------+-------+-------++-------
Melee: Long sword        |    92 |    67 ||   159
  Use: Scroll            |       |     3 ||     3
  Eat: Chunk             |       |     3 ||     3
Armor: Scale mail        |    14 |       ||    14
       Chain mail        |    27 |    34 ||    61
Dodge: Dodged            |    31 |    20 ||    51
Block: Shield            |    39 |    36 ||    75
       Rpst.: Long sword |     7 |     4 ||    11
